 Dungeon Crawl Stone Soup version 0.26-a0-1025-g006ef2cfcc (webtiles) character file.

Game seed: 11257839226919683480

6831 DungeonDestroyer the Blocker (level 11, -2/87 HPs)
             Began as a Gnoll Fighter on Dec 8, 2020.
             Was an Elder of Okawaru.
             Killed from afar by an electric eel (8 damage)
             ... with a bolt of electricity
             ... on level 9 of the Dungeon on Dec 9, 2020.
             The game lasted 00:23:13 (11070 turns).

DungeonDestroyer the Blocker (Gnoll Fighter)       Turns: 11070, Time: 00:23:13

Health: -2/87      AC: 16    Str: 21    XL:     11   Next: 5%
Magic:  19/19      EV:  8    Int: 11    God:    Okawaru [****..]
Gold:   464        SH: 13    Dex: 15    Spells: 21/21 levels left

rFire    . . .     SeeInvis .   a - +1 war axe
rCold    + . .     Faith    .   c - +1 kite shield
rNeg     . . .     Spirit   .   N - +0 plate armour
rPois    .         Reflect  .   K - +1 hat
rElec    .         Harm     .   (no cloak)
rCorr    .         Rampage  .   (no gloves)
Will     .....                  z - +0 pair of boots
Stlth    ..........             (no amulet)
HPRegen  0.24/turn              (no ring)
MPRegen  0.16/turn              e - ring of protection from cold

@: studying Shields
A: distributed training, fangs 1, mutation resistance 1, wild magic 1, strong
nose
a: Heroism, Renounce Religion


You were on level 9 of the Dungeon.
You worshipped Okawaru.
Okawaru was greatly pleased with you.
You visited 2 branches of the dungeon, and saw 11 of its levels.

You collected 757 gold pieces.
You spent 293 gold pieces at shops.

Inventory:

Hand Weapons
 a - a +1 war axe (weapon)
 M - the +7 flail of World Downfall {speed, Int+4}
   (You found it on level 8 of the Dungeon)

   Attacks with this weapon are significantly faster.
   It affects your intelligence (+4).
Missiles
 f - 134 bolts
 g - 186 arrows
 j - 5 boomerangs of dispersal
 k - 384 stones (quivered)
 l - 20 boomerangs
 m - 51 poisoned darts
 n - 5 silver javelins
 q - 128 sling bullets
 r - 7 datura-tipped darts
 w - 3 throwing nets
Armour
 c - a +1 kite shield (worn)
 z - a +0 pair of boots (worn)
 K - a +1 hat (worn)
 N - a +0 plate armour (worn)
Magical Staves
 E - an uncursed staff of cold {unknown}
Jewellery
 e - a ring of protection from cold (right hand)
Wands
 A - a wand of acid (4)
 I - a wand of random effects (17)
 J - a wand of flame (2)
Scrolls
 h - a scroll of teleportation
 i - a scroll of summoning {unknown}
 o - a scroll of blinking
 s - 9 scrolls of identify
 u - 4 scrolls of remove curse
 v - a scroll of fear
 x - 2 scrolls of enchant armour
 y - 2 scrolls of fog
 B - a scroll of amnesia
 F - a scroll of magic mapping
Potions
 b - a potion of magic
 d - 2 potions of might
 C - a potion of brilliance
 D - a potion of haste
 G - 2 potions of curing
 H - a potion of heal wounds
Books
 t - a manual of Shields
Miscellaneous
 p - a phantom mirror


   Skills:
 + Level 8.9 Fighting
 + Level 5.9 Short Blades
 + Level 5.9 Long Blades
 + Level 7.5 Axes
 + Level 5.9 Maces & Flails
 + Level 5.9 Polearms
 + Level 5.9 Staves
 + Level 5.9 Slings
 + Level 5.9 Bows
 + Level 5.9 Crossbows
 + Level 5.9 Throwing
 + Level 8.9 Armour
 + Level 5.9 Dodging
 + Level 5.9 Stealth
 + Level 9.9 Shields
 + Level 5.9 Unarmed Combat
 + Level 5.9 Spellcasting
 + Level 4.8 Conjurations
 + Level 4.8 Hexes
 + Level 4.8 Summonings
 + Level 4.8 Necromancy
 + Level 4.8 Translocations
 + Level 4.8 Transmutations
 + Level 4.8 Fire Magic
 + Level 4.8 Ice Magic
 + Level 4.8 Air Magic
 + Level 4.8 Earth Magic
 + Level 4.8 Poison Magic
 + Level 6.4 Invocations
 + Level 5.9 Evocations


You had 21 spell levels left.
You didn't know any spells.
Your spell library was empty.

Dungeon Overview and Level Annotations

Branches:
Dungeon (10/15)            Temple (1/1) D:5            Lair (0/6) D:9
    Orc: D:9-12

Altars:
Ashenzari
Cheibriados
Dithmenos
Elyvilon
Fedhas
Gozag
Hepliaklqana
Kikubaaqudgha
Makhleb
Okawaru
Qazlal
Ru
Sif Muna
Trog
Uskayaw
Vehumet
Wu Jian
Xom
Yredelemnul
Zin
The Shining One

Shops:
D:6 *

Annotations:
D:5 1 runed translucent door, Forecaster's ghost, amateur NaWr


Innate Abilities, Weirdness & Mutations

Your experience applies equally to all skills.
You have very sharp teeth.
Your uncanny sense of smell can sniff out nearby items.
You are somewhat resistant to further mutation.
Your spells are a little harder to cast, but a little more powerful.


Message History

The bolt of acid misses the electric eel.
The electric eel shoots out a bolt of lightning at you!
The bolt of electricity hits you.
Evoke which item? (* to show all) (? for menu, Esc to quit)
Aiming: Corrosive Bolt
Press: ? - help, Shift-Dir - straight line, f/p - electric eel
Aim: an electric eel (water, 43% to evade)
The bolt of acid misses the electric eel.
The electric eel shoots out a bolt of lightning at you!
The bolt of electricity hits you.
The electric eel shoots out a bolt of lightning at you!
The bolt of electricity hits you!
* * * LOW HITPOINT WARNING * * *
The bolt of electricity hits you!
* * * LOW HITPOINT WARNING * * *
The bolt of electricity hits the electric eel.
The electric eel completely resists.
The electric eel shoots out a bolt of lightning at you!
The bolt of electricity hits you!
You die...

.#...# ##....## .#...#
##......# ##._.# ##.......#
####### #........## ##
##...#.# ###.#......)#..##
#......#.....#...........#
##..............>..........
##.............#.#........#
................@.........#
...##......................
#.............≈.;.;≈...≈...
.............≈≈.≈.≈≈≈≈≈.(..
#.#...#....≈.≈≈.≈.≈≈≈≈≈≈..
#.##.##.#...≈≈≈≈≈.≈≈≈≈...
..##.###....≈≈≈≈≈.≈≈≈...
.###.....#...≈≈≈≈.≈≈≈≈≈.
..##.....#...≈≈≈..≈.≈≈≈.


You could see 2 electric eels.

Vanquished Creatures
  An ugly thing (D:6)
  2 centaur skeletons (D:10)
  Grinder (D:4)
  A steam dragon (D:8)
  2 water moccasins
  2 orc warriors (D:9)
  2 sky beasts (D:9)
  2 ice beasts
  5 phantoms
  A black bear (D:7)
  2 necrophages
  4 centaurs
  8 ogres
  3 wolves (D:9)
  4 bullfrogs
  5 big kobolds
  A water moccasin skeleton (D:6)
  11 killer bees
  2 scorpions
  4 wights (D:7)
  An electric eel (D:9)
  2 howler monkeys (D:9)
  4 orc priests
  8 orc wizards
  15 hounds
  6 jellies
  Jessica (D:2)
  Natasha (twice) (D:2)
  3 iguanas
  6 worker ants
  A hound zombie (D:5)
  4 gnolls
  8 adders
  3 shadow imps
  A white imp (D:10)
  2 ufetubi
  An ooze (D:2)
  2 adder skeletons
  2 worms
  5 dart slugs
  6 leopard geckos
  24 orcs
  3 giant cockroaches
  5 goblins
  5 hobgoblins
  6 jackals
  26 kobolds
  5 quokkas
  A ball python (D:1)
  5 bats
  11 frilled lizards
  A leopard gecko skeleton (D:4)
  A leopard gecko zombie (D:7)
  A quokka zombie (D:5)
  6 rats
246 creatures vanquished.

Vanquished Creatures (others)
  2 plants (D:2)
2 creatures vanquished.

Grand Total: 248 creatures vanquished

Notes
Turn   | Place    | Note
-------+----------+-------------------------------------------
     0 | D:1      | DungeonDestroyer the Gnoll Fighter began the quest for the
                  | Orb.
     0 | D:1      | Reached XP level 1. HP: 23/23 MP: 1/1
   227 | D:1      | Reached XP level 2. HP: 29/29 MP: 2/2
   578 | D:1      | Reached XP level 3. HP: 35/35 MP: 3/3
   779 | D:2      | Gained mutation: You are weak. (Str -2) [potion of
                  | mutation]
   779 | D:2      | Gained mutation: Your spells are a little easier to cast,
                  | but a little less powerful. [potion of mutation]
   779 | D:2      | Gained mutation: You are somewhat resistant to further
                  | mutation. [potion of mutation]
   781 | D:2      | Lost mutation: Your spells are a little easier to cast, but
                  | a little less powerful. [potion of mutation]
   781 | D:2      | Lost mutation: You are weak. (Str -2) [potion of mutation]
   781 | D:2      | Gained mutation: Your spells are a little harder to cast,
                  | but a little more powerful. [potion of mutation]
   829 | D:2      | Noticed Jessica
   834 | D:2      | Killed Jessica
   835 | D:2      | Reached skill level 1 in Short Blades
   835 | D:2      | Reached skill level 1 in Long Blades
   835 | D:2      | Reached skill level 1 in Maces & Flails
   835 | D:2      | Reached skill level 1 in Polearms
   835 | D:2      | Reached skill level 1 in Staves
   835 | D:2      | Reached skill level 1 in Slings
   835 | D:2      | Reached skill level 1 in Bows
   835 | D:2      | Reached skill level 1 in Crossbows
   835 | D:2      | Reached skill level 1 in Throwing
   835 | D:2      | Reached skill level 1 in Dodging
   835 | D:2      | Reached skill level 1 in Stealth
   835 | D:2      | Reached skill level 1 in Unarmed Combat
   835 | D:2      | Reached skill level 1 in Spellcasting
   835 | D:2      | Reached skill level 1 in Invocations
   835 | D:2      | Reached skill level 1 in Evocations
   835 | D:2      | Reached XP level 4. HP: 34/41 MP: 5/5
  1115 | D:2      | Found a burning altar of Makhleb.
  1115 | D:2      | Noticed an Executioner
  1296 | D:2      | Reached skill level 1 in Conjurations
  1296 | D:2      | Reached skill level 1 in Hexes
  1296 | D:2      | Reached skill level 1 in Summonings
  1296 | D:2      | Reached skill level 1 in Necromancy
  1296 | D:2      | Reached skill level 1 in Translocations
  1296 | D:2      | Reached skill level 1 in Transmutations
  1296 | D:2      | Reached skill level 1 in Fire Magic
  1296 | D:2      | Reached skill level 1 in Ice Magic
  1296 | D:2      | Reached skill level 1 in Air Magic
  1296 | D:2      | Reached skill level 1 in Earth Magic
  1296 | D:2      | Reached skill level 1 in Poison Magic
  1296 | D:2      | Reached XP level 5. HP: 41/47 MP: 6/6
  1366 | D:2      | Noticed Natasha
  1383 | D:2      | Killed Natasha
  1427 | D:2      | Noticed Natasha
  1439 | D:2      | Killed Natasha
  1652 | D:2      | Found a faded altar of an unknown god.
  2001 | D:3      | Found a snail-covered altar of Cheibriados.
  2120 | D:4      | Noticed a big kobold
  2131 | D:4      | Killed a big kobold
  2132 | D:4      | Reached XP level 6. HP: 46/53 MP: 8/8
  2200 | D:4      | Reached skill level 5 in Axes
  2267 | D:4      | Found a sacrificial altar of Ru.
  2319 | D:4      | Noticed Grinder
  2328 | D:4      | Killed Grinder
  2329 | D:4      | Reached skill level 7 in Shields
  2329 | D:4      | Reached XP level 7. HP: 38/60 MP: 10/10
  2827 | D:4      | Found an iron altar of Okawaru.
  2837 | D:4      | Became a worshipper of Warmaster Okawaru
  2917 | D:5      | Entered Level 5 of the Dungeon
  3104 | D:5      | Reached XP level 8. HP: 67/67 MP: 12/12
  3163 | D:5      | Noticed Forecaster's ghost (amateur NaWr)
  3164 | D:5      | Found a runed translucent door.
  3418 | D:5      | Found a staircase to the Ecumenical Temple.
  3447 | D:5      | Reached * piety under Okawaru
  3674 | D:5      | Found a broken altar of Ashenzari.
  3674 | D:5      | Found a bloodstained altar of Trog.
  3675 | D:5      | Found a basalt altar of Yredelemnul.
  3888 | D:5      | Found a sacrificial altar of Ru.
  4470 | Temple   | Entered the Ecumenical Temple
  4885 | D:6      | Found a white marble altar of Elyvilon.
  4885 | D:6      | Found a glowing silver altar of Zin.
  4886 | D:6      | Found a glowing golden altar of the Shining One.
  4891 | D:6      | Upgraded the game from 0.26-a0-1020-ge47f559bc5 to
                  | 0.26-a0-1025-g006ef2cfcc
  4894 | D:6      | Noticed a brown ugly thing
  4906 | D:6      | Found Tuuseyty's Assorted Antiques.
  4909 | D:6      | Bought a scroll of identify for 52 gold pieces
  4909 | D:6      | Bought a green potion for 23 gold pieces
  4909 | D:6      | Bought a scroll of blinking for 195 gold pieces
  4909 | D:6      | Bought a fuming coppery potion for 23 gold pieces
  4935 | D:6      | HP: 1/67 [gnoll/+0 halberd (13)]
  5300 | D:6      | Reached ** piety under Okawaru
  5301 | D:6      | Reached XP level 9. HP: 12/72 MP: 14/14
  5750 | D:6      | Killed a brown ugly thing
  5751 | D:6      | Reached skill level 8 in Shields
  6003 | D:6      | Found a radiant altar of Vehumet.
  6666 | D:7      | Reached *** piety under Okawaru
  6747 | D:7      | Reached skill level 5 in Invocations
  6920 | D:7      | Found a shimmering blue altar of Sif Muna.
  7140 | D:7      | Reached XP level 10. HP: 80/80 MP: 17/17
  7480 | D:8      | Reached skill level 5 in Short Blades
  7480 | D:8      | Reached skill level 5 in Long Blades
  7480 | D:8      | Reached skill level 5 in Maces & Flails
  7480 | D:8      | Reached skill level 5 in Polearms
  7480 | D:8      | Reached skill level 5 in Staves
  7480 | D:8      | Reached skill level 5 in Slings
  7480 | D:8      | Reached skill level 5 in Bows
  7480 | D:8      | Reached skill level 5 in Crossbows
  7480 | D:8      | Reached skill level 5 in Throwing
  7480 | D:8      | Reached skill level 5 in Dodging
  7480 | D:8      | Reached skill level 5 in Stealth
  7480 | D:8      | Reached skill level 9 in Shields
  7480 | D:8      | Reached skill level 5 in Unarmed Combat
  7480 | D:8      | Reached skill level 5 in Spellcasting
  7480 | D:8      | Reached skill level 5 in Evocations
  8728 | D:8      | Got a jewelled flail
  8798 | D:8      | Identified the +7 flail of World Downfall {speed, Int+4}
                  | (You found it on level 8 of the Dungeon)
  8930 | D:9      | Reached **** piety under Okawaru
  8930 | D:9      | Received a gift from Okawaru
  9380 | D:9      | Found a shadowy altar of Dithmenos.
  9649 | D:9      | Found a staircase to the Lair.
 10015 | D:10     | Entered Level 10 of the Dungeon
 10367 | D:10     | Received a gift from Okawaru
 10374 | D:10     | Reached XP level 11. HP: 87/87 MP: 17/19
 10771 | D:10     | Found a stormy altar of Qazlal.
 11070 | D:9      | Killed from afar by an electric eel

Illustrated notes

Levels and vault maps discovered:
D:1:      minmay_arrival_split_and_join, layout_basic
D:2:      layout_loops_ring, chequers_ecumenical_altar_lobes,
          makhleb_altar_promises_db, uniq_natasha, uniq_jessica
D:3:      layout_rooms, kennysheep_slug_shrine
D:4:      layout_loops_cross, general_overflow_altar, okawaru_metal_pillars_1_2,
          uniq_grinder
D:5:      layout_loops_corners, gammafunk_temple_overflow_claw, temple_pool_b,
          hellmonk_ghost_happy_afterlife, nicolae_ru_sacrificial_ziggurat
D:6:      layout_cave_pools, good_gods_temple_1, vehumet_crystals, serial_shops,
          shop, minmay_manual_mess
D:7:      black_bear_nest_2, layout_basic, lemuel_blue_sif_altar
D:8:      layout_gridville, blue_anna_alchemist [blue_anna_fruit_fields,
          blue_anna_fruit_fields]
D:9:      layout_cave_pools, lemuel_round_altar, grunt_dithmenos_shadows,
          erik_lair_island, orc_0_dummy
D:10:     layout_cross, nicolae_qazlal_style_of_elements
Temple:   jpeg_temple_island

Skill      XL: |  1  2  3  4  5  6  7  8  9 10 |
---------------+-------------------------------+-----
Short Blades   | 1 2 3 4 5 |  5.9
Long Blades    | 1 2 3 4 5 |  5.9
Maces & Flails | 1 2 3 4 5 |  5.9
Polearms       | 1 2 3 4 5 |  5.9
Staves         | 1 2 3 4 5 |  5.9
Slings         | 1 2 3 4 5 |  5.9
Bows           | 1 2 3 4 5 |  5.9
Crossbows      | 1 2 3 4 5 |  5.9
Throwing       | 1 2 3 4 5 |  5.9
Dodging        | 1 2 3 4 5 |  5.9
Stealth        | 1 2 3 4 5 |  5.9
Unarmed Combat | 1 2 3 4 5 |  5.9
Spellcasting   | 1 2 3 4 5 |  5.9
Invocations    | 1 2 3 4 5 6 |  6.4
Evocations     | 1 2 3 4 5 |  5.9
Conjurations   | 1 2 3 4 |  4.8
Hexes          | 1 2 3 4 |  4.8
Summonings     | 1 2 3 4 |  4.8
Necromancy     | 1 2 3 4 |  4.8
Translocations | 1 2 3 4 |  4.8
Transmutations | 1 2 3 4 |  4.8
Fire Magic     | 1 2 3 4 |  4.8
Ice Magic      | 1 2 3 4 |  4.8
Air Magic      | 1 2 3 4 |  4.8
Earth Magic    | 1 2 3 4 |  4.8
Poison Magic   | 1 2 3 4 |  4.8
Axes           | 5 6 7 |  7.5
Fighting       | 7 8 |  8.9
Armour         | 7 8 |  8.9
Shields        | 7 8 9 |  9.9

Action                   |  1- 3 |  4- 6 |  7- 9 | 10-12 || total
-------------------------+-------+-------+-------+-------++-------
Melee: War axe           |    64 |   167 |   392 |   198 ||   821
       Bite              |     4 |    16 |    50 |    28 ||    98
       Flail             |       |       |       |    82 ||    82
Invok: Heroism           |       |       |     2 |     2 ||     4
Evoke: Wand              |       |       |       |     4 ||     4
  Use: Potion            |     4 |     2 |     5 |     2 ||    13
       Scroll            |     3 |     5 |    10 |     8 ||    26
Armor: Scale mail        |    17 |       |       |       ||    17
       Chain mail        |     2 |    58 |   172 |    43 ||   275
       Plate armour      |       |       |       |   109 ||   109
Dodge: Dodged            |    13 |    46 |   129 |   108 ||   296
Block: Kite shield       |    31 |    92 |   289 |   233 ||   645

Table legend: (Time is in decaauts)
 A = Elapsed time spent in this place.
 B = Non-inter-level travel time spent in this place.
 C = Inter-level travel time spent in this place.
 D = Time resting spent in this place.
 E = Time spent auto-exploring this place.
 F = Levels seen in this place.
 G = Mean time per level.
                   A        B        C        D        E       F      G
               +--------+--------+--------+--------+--------+-----+--------+
         Total |  11297 |  10762 |    535 |   1322 |   7170 |  11 | 1027.0 |
       Dungeon |  11049 |  10537 |    512 |   1322 |   6946 |  10 | 1104.9 |
        Temple |    247 |    225 |     22 |      0 |    224 |   1 |  247.0 |
               +--------+--------+--------+--------+--------+-----+--------+

Top non-repeatable levels by time:
     D:5: 2259 daAuts
     D:8: 1496 daAuts
     D:9: 1381 daAuts
     D:6: 1135 daAuts
     D:2: 1000 daAuts
     D:7: 964 daAuts
     D:4: 815 daAuts
    D:10: 814 daAuts
     D:1: 787 daAuts
     D:3: 395 daAuts
  Temple: 247 daAuts
